 Dungeon Crawl Stone Soup version 0.30-a0-1160-g6e42c06551 (webtiles) character file.

Game seed: 3580252247516823729

73 ytrimaz the Shield-Bearer (level 4, -2/31 HPs)
             Began as an Octopode Fighter on Apr 27, 2023.
             Constricted to death by Natasha (6 damage)
             ... on level 2 of the Dungeon.
             The game lasted 00:01:04 (899 turns).

ytrimaz the Shield-Bearer (Octopode Fighter)         Turns: 899, Time: 00:01:05

Health: -2/31      AC:  1    Str: 15    XL:     4   Next: 27%
Magic:  4/4        EV: 10    Int: 10    God:
Gold:   115        SH:  6    Dex: 13    Spells: 3/3 levels left

rFire   . . .        a - +0 long sword
rCold   . . .        b - +1 buckler
rNeg    . . .        (helmet restricted)
rPois   .            (no amulet)
rElec   .            (no ring)
rCorr   .            (no ring)
SInv    .            (no ring)
Will    .....        (no ring)
Stlth   ++           (no ring)
HPRegen 0.25/turn    (no ring)
MPRegen 0.09/turn    (no ring)
                     (no ring)

%: no passive effects
@: grasped by roots, constricted
A: almost no armour, amphibious, 8 rings, camouflage 1, gelatinous body 1,
(nimble swimmer 1), tentacles
a: no special abilities


You were on level 2 of the Dungeon.
You visited 1 branch of the dungeon, and saw 2 of its levels.

You collected 115 gold pieces.


Innate Abilities, Weirdness & Mutations

You cannot wear most types of armour.
You are amphibious.
You can wear up to eight rings at the same time.
Your skin changes colour to match your surroundings (Stealth+).
Your rubbery body absorbs attacks. (AC +1, EV +1)
((You are camouflaged when in or above water. (Stealth+)))
You have tentacles for arms and can constrict up to eight enemies at once.


   Skills:
 - Level 3.0 Fighting
 + Level 2.8 Long Blades
 + Level 3.6 Dodging
 - Level 4.0 Shields


You had 3 spell levels left.
You didn't know any spells.
Your spell library was empty.

Inventory:

Hand Weapons
 a - a +0 long sword (weapon)
 h - a +1 dagger of flaming
   (You took it off a goblin on level 1 of the Dungeon)
Armour
 b - a +1 buckler (worn)
Wands
 e - a wand of polymorph (5)
   (You found it on level 2 of the Dungeon)
Scrolls
 d - a scroll of silence {unknown}
Potions
 c - a potion of might
 g - a potion of attraction {unknown}
 j - 2 potions of degeneration {unknown}

Dungeon Overview and Level Annotations

Branches:
Dungeon (2/15) Zot: 11078

Altars:

Annotations:
D:2 Natasha

.......## ##..#
...###....#####
#..## ##.
####......##.## #
####....###
##.....########.
#.###.#........
.#####. #..........
......5###.$........
.......@hh5.........
###..######.........
#.. #.........
#.........
##........
#.........
.........<.
###.........
#.........


You could see Natasha, 2 cerulean imps and a jackal.


Message History

A rat comes into view.
A rat is nearby!
A rat is nearby!
The rat closely misses you.
You closely miss the rat. Your grab misses the rat. The rat bites you. 😕 HP[-2]
You take 2 damage, and now have 29/31 hp.
You hit the rat but do no damage. Your grab misses the rat.
You block the rat's attack.
You slash the rat!
You kill the rat!
No target in view!
No target in view!
No target in view!
d - a scroll labelled GUERIUTWIERR 😎 HP[+2]
Your hp is fully restored (31).
j - 2 dark potions (gained 1) Key pressed, stopping explore.
You see here a +0 long sword.
e - a wand of polymorph (5)
A jackal comes into view.
Found a stone staircase leading up.
You see here 8 gold pieces.
A jackal is nearby!
A jackal is nearby!
A quokka comes into view.
A jackal comes into view.
A jackal comes into view.
The jackal barks!
You hear an angry hiss.
Natasha, Servant of Life and Death comes into view.
She is carrying a wand of roots (10).
Found a stone staircase leading up.
The jackal barks!
The jackal barely misses you.
The quokka twitches its whiskers.
The jackal barks!
The jackal attacks as you move away!
The jackal bites you but does no damage.
The jackal bites you. 😕 HP[-1]
You take 1 damage, and now have 30/31 hp.
The jackal attacks as you move away! The jackal barely misses you.
The quokka attacks as you move away! You block the quokka's attack.
You miss the quokka. Your grab misses the quokka.
The quokka bites you. 😕 HP[-4]
You take 4 damage, and now have 26/31 hp.
You completely miss the quokka. Your grab misses the quokka.
The quokka bites you. You block the quokka's attack.
You slash the quokka!
You kill the quokka!
Natasha casts a spell.
The jackal bites you. 😕 HP[-1]
You take 1 damage, and now have 25/31 hp.
You closely miss the jackal. You grab the jackal.
You squeeze the jackal, but do no damage.
You constrict the jackal. You block the jackal's attack.
The jackal barely misses you.
You hit the jackal. You squeeze the jackal.
You kill the jackal! 😕 HP[+1] Unknown command.
You barely miss the jackal. Your grab misses the jackal.
You squeeze the jackal. You block the jackal's attack. The jackal bites you.
Natasha zaps a wand.
The roots erupt in riotous growth!
The jackal is unaffected.
The grasping roots grab you!
Natasha is unaffected.
The grasping roots constrict you. 😮 HP[-7]
You take 7 damage, and now have 19/31 hp.
MASSIVE DAMAGE!! (PAUSE)
You hit the jackal.
You kill the jackal!
The grasping roots constrict you.
* * * LOW HITPOINT WARNING * * *
😨 HP[-5]
You take 5 damage, and now have 14/31 hp.
You barely miss Natasha. You grab Natasha.
You constrict Natasha, but do no damage.
Natasha casts a spell at you. The magic dart hits you!
* * * LOW HITPOINT WARNING * * *
The grasping roots constrict you.
* * * LOW HITPOINT WARNING * * *
The grasping roots release their grip on you. 😱 HP[-11]
You take 11 damage, and now have 3/31 hp.
MASSIVE DAMAGE!! (PAUSE)
You feel better.
You constrict Natasha.
Natasha zaps a wand.
The roots erupt in riotous growth!
The grasping roots grab you!
Natasha is unaffected.
The grasping roots constrict you.
* * * LOW HITPOINT WARNING * * *
😱 HP[+1]
You hit Natasha. You squeeze Natasha! You constrict Natasha.
Natasha casts a spell.
The grasping roots constrict you.
You die...

Skill      XL: |  1  2  3 |
---------------+----------+-----
Shields        | 4 |  4.0
Fighting       | |  3.0
Long Blades    | |  2.8
Dodging        | |  3.6

Action                     |  1- 3 |  4- 6 || total
---------------------------+-------+-------++-------
  Melee: Long sword        |    27 |    14 ||    41
         Tentacles         |     8 |     4 ||    12
         Constrict         |     7 |     4 ||    11
    Use: Scroll            |     3 |       ||     3
         Potion            |       |     1 ||     1
   Stab: Sleeping          |     6 |       ||     6
 Armour: Skin              |     2 |     1 ||     3
  Dodge: Dodged            |    16 |     7 ||    23
  Block: Buckler           |     5 |     7 ||    12

Levels and vault maps discovered:
D:1:      noname_arrival_rooms_in_the_neighbourhood, layout_loops_ring
D:2:      layout_rooms, uniq_natasha

Notes
Turn   | Place    | Note
-------+----------+-------------------------------------------
     0 | D:1      | ytrimaz the Octopode Fighter began the quest for the Orb.
     0 | D:1      | Reached XP level 1. HP: 16/16 MP: 1/1
     0 | D:1      | magus.rc [v1.9.6]
   280 | D:1      | Reached XP level 2. HP: 17/21 MP: 2/2
   697 | D:2      | Noticed Natasha
   704 | D:2      | Killed Natasha
   705 | D:2      | Reached XP level 3. HP: 24/26 MP: 3/3
   722 | D:2      | Noticed Natasha
   728 | D:2      | Killed Natasha
   729 | D:2      | Reached skill level 4 in Shields
   729 | D:2      | Reached XP level 4. HP: 18/31 MP: 4/4
   882 | D:2      | Noticed Natasha
   897 | D:2      | HP: 3/31 [constriction (5)]
   899 | D:2      | Constricted to death by Natasha

Vanquished Creatures
  Natasha (twice) (D:2)
  A dart slug (D:1)
  A ball python (D:1)
  2 bats
  2 endoplasms (D:1)
  A giant cockroach (D:1)
  2 goblins (D:1)
  A hobgoblin (D:1)
  2 jackals (D:2)
  A quokka (D:2)
  A frilled lizard (D:1)
  3 kobolds (D:1)
  3 rats
22 creatures vanquished.

Table legend:
 A = Non-vault XP
 B = Vault XP
 C = Vault XP percentage of total XP
 D = Non-vault monster count
 E = Vault monster count
 F = Vault count percentage of total count
                 A         B        C        D         E       F
            +---------+---------+-------+---------+---------+-------
      Total |      70 |      35 |  33.3 |      21 |       1 |   4.5
            +---------+---------+-------+---------+---------+-------
        D:1 |      27 |       0 |   0.0 |      14 |       0 |   0.0
        D:2 |      43 |      35 |  44.9 |       7 |       1 |  12.5
            +---------+---------+-------+---------+---------+-------

Skill      XL: |  1  2  3 |
---------------+----------+-----
Shields        | 4 |  4.0
Fighting       | |  3.0
Long Blades    | |  2.8
Dodging        | |  3.6

Action                     |  1- 3 |  4- 6 || total
---------------------------+-------+-------++-------
  Melee: Long sword        |    27 |    14 ||    41
         Tentacles         |     8 |     4 ||    12
         Constrict         |     7 |     4 ||    11
    Use: Scroll            |     3 |       ||     3
         Potion            |       |     1 ||     1
   Stab: Sleeping          |     6 |       ||     6
 Armour: Skin              |     2 |     1 ||     3
  Dodge: Dodged            |    16 |     7 ||    23
  Block: Buckler           |     5 |     7 ||    12

Illustrated notes

Table legend:
 A = Kills in this place as a percentage of kills in the entire game.
 B = Kills by you in this place as a percentage of kills by you in the entire game.
 C = Kills by friends in this place as a percentage of kills by friends in the entire game.
 D = Other kills in this place as a percentage of other kills in the entire game.
 E = Experience gained in this place as a percentage of experience gained in the entire game.
 F = Experience gained in this place divided by the number of levels of this place that you have seen.
                   A       B       C       D       E      F
               +-------+-------+-------+-------+-------+----------------------
         Total | 100.0 | 100.0 |   N/A |   N/A | 100.0 |  52.5
       Dungeon | 100.0 | 100.0 |   N/A |   N/A | 100.0 |  52.5
               +-------+-------+-------+-------+-------+----------------------

Table legend: (Time is in decaauts)
 A = Elapsed time spent in this place.
 B = Non-inter-level travel time spent in this place.
 C = Inter-level travel time spent in this place.
 D = Time resting spent in this place.
 E = Time spent auto-exploring this place.
 F = Levels seen in this place.
 G = Mean time per level.
                   A        B        C        D        E       F      G
               +--------+--------+--------+--------+--------+-----+--------+
         Total |    920 |    914 |      6 |      2 |    737 |   2 |  460.0 |
       Dungeon |    920 |    914 |      6 |      2 |    737 |   2 |  460.0 |
               +--------+--------+--------+--------+--------+-----+--------+

Top non-repeatable levels by time:
     D:1: 686 daAuts
     D:2: 234 daAuts
